 Dungeon Crawl Stone Soup version 0.26-a0-812-g31a745ddcd (webtiles) character file.

Game seed: 6089156795246846310

16394 kae the Martial Artist (level 12, 0/72 HPs)
             Began as a Tengu Transmuter on Nov 23, 2020.
             Was a High Priest of Wu Jian.
             Slain by a minotaur
             ... wielding a +4 whip
              (21 damage)
             ... in a Gauntlet.
             The game lasted 00:16:02 (20591 turns).

kae the Martial Artist (Tengu Transmuter)          Turns: 20591, Time: 00:16:03

Health: 0/72       AC:  8    Str: 14    XL:     12   Next: 37%
Magic:  13/22      EV: 20    Int: 13    God:    Wu Jian [*****.]
Gold:   811        SH:  0    Dex: 17    Spells: 10/23 levels left

rFire    . . .     SeeInvis .     - Unarmed
rCold    . . .     Faith    .   (shield currently unavailable)
rNeg     . . .     Spirit   .   l - +3 leather armour
rPois    .         Reflect  .   (helmet restricted)
rElec    .         Harm     .   d - +1 cloak
rCorr    .         Rampage  .   (gloves currently unavailable)
MR       +....     NoTele   +   (boots unavailable)
Stlth    +.........             (no amulet)
HPRegen  0.22/turn              r - ring of wizardry
MPRegen  0.18/turn              s - ring of protection from magic

@: blade hands, flying quickly and evasively, very slightly contaminated, quick
A: beak, talons 3, able to fly
a: Stop Flying, End Transformation, Wall Jump, Serpent's Lash, Heavenly Storm,
Renounce Religion


You were in a Gauntlet.
You worshipped Wu Jian.
Wu Jian was extremely pleased with you.
You had blades for hands.
You visited 3 branches of the dungeon, and saw 14 of its levels.
You also visited: Sewer and Gauntlet.

You collected 811 gold pieces.

Inventory:

Armour
 a - a +0 robe
 d - a +1 cloak (worn)
 l - a +3 leather armour (worn)
 m - a +2 chain mail of fire resistance
Jewellery
 j - an uncursed ring of ice
 k - an uncursed ring of resist corrosion
 r - a ring of wizardry (left scythe-like blade)
 s - a ring of protection from magic (right scythe-like blade)
 v - the ring of Waemag {*Corrode MR+ MP+9 Str+4, unknown}
   (You found it in a Gauntlet)

   [ring of magical power]

   It affects your strength (+4).
   It affects your resistance to hostile enchantments.
   It affects your magic capacity (+9).
   It may corrode you when you take damage.
 y - an uncursed ring of ice
 A - an uncursed ring of stealth
 F - the ring "Jixauss" {*Tele rElec rPois}
   (You found it in a Gauntlet)

   [ring of teleportation]

   It may teleport you next to monsters.
   It insulates you from electricity.
   It protects you from poison.
 G - the ring "Kiclinn" {rF+ EV+4 Int+3 Slay+2 Stlth+, unknown}
   (You found it in a Gauntlet)

   [ring of evasion]

   It affects your evasion (+4).
   It affects your intelligence (+3).
   It affects your accuracy and damage with ranged weapons and melee attacks
   (+2).
   It protects you from fire.
   It makes you more stealthy.
Wands
 t - a wand of enslavement (16)
 w - a wand of acid (18)
 B - a wand of iceblast (10)
 C - a wand of flame (15)
 E - a wand of digging (4)
Scrolls
 b - 7 scrolls of teleportation
 g - 4 scrolls of fear
 h - a scroll of amnesia
 n - a scroll of enchant armour
 q - 5 scrolls of remove curse
 u - a scroll of fog
 z - 3 scrolls of enchant weapon
Potions
 c - 9 potions of might
 e - a potion of cancellation
 f - a potion of ambrosia
 i - 12 potions of curing
 o - 2 potions of brilliance
 p - 3 potions of attraction
 x - a potion of magic
 D - a potion of mutation


   Skills:
 + Level 7.1 Fighting
 - Level 5.0 Armour
 + Level 8.1 Dodging
 * Level 11.4 Unarmed Combat
 - Level 6.0 Spellcasting
 * Level 8.8 Transmutations
 - Level 4.0 Ice Magic
 - Level 3.0 Poison Magic


You had 10 spell levels left.
You knew the following spells:

 Your Spells              Type           Power        Failure   Level
a - Beastly Appendage     Tmut           ####..       4%          1
b - Spider Form           Tmut/Pois      ###.......   14%         3
c - Blade Hands           Tmut           ####......   26%         5
d - Ice Form              Ice/Tmut       ###.....     26%         4

Your spell library contained the following spells:

 Spells                   Type           Power        Failure   Level
 Wereblood                Tmut           ####....     6%          2
 Passwall                 Tmut/Erth      ###.....     13%         2
 Ensorcelled Hibernation  Hex/Ice        #.....       26%         2
 Corona                   Hex            #......      32%         1
 Sandblast                Erth           #.....       32%         1
 Petrify                  Tmut/Erth      ###.....     41%         4
 Confusing Touch          Hex            #.......     56%         3
 Dazzling Flash           Conj/Hex       #.....       56%         3
 Stone Arrow              Conj/Erth      #.....       56%         3
 Tukima's Dance           Hex            #.......     56%         3
 Lee's Rapid Deconstruct  Erth           #.........   98%         5


Dungeon Overview and Level Annotations

Branches:
Dungeon (10/15)            Temple (1/1) D:4            Lair (3/6) D:9
  Swamp (0/4) Lair:3        Sewer (visited)         Gauntlet (1/1)
 Shoals: Lair:2-4     Snake: Lair:2-4    Spider: Lair:2-4       Orc: D:9-12

Altars:
Ashenzari
Cheibriados
Dithmenos
Elyvilon
Fedhas
Gozag
Hepliaklqana
Kikubaaqudgha
Makhleb
Nemelex Xobeh
Okawaru
Qazlal
Ru
Sif Muna
Trog
Uskayaw
Vehumet
Wu Jian
Xom
Yredelemnul
Zin
The Shining One

Shops:
D:8 [   D:9 }

Annotations:
Lair:2 Nergalle Gauntlet 10 transporters, 12 runed translucent doors, exclusion: orange crystal statue


Innate Abilities, Weirdness & Mutations

You have a beak for a mouth.
You have claws for feet.
You can fly continuously.


Message History

Confirm with . or Enter, or press ? or * to list all spells.
You miscast Blade Hands.
Nothing appears to happen.
The minotaur throws a javelin.
The javelin misses you.
Casting: Blade Hands (dangerous; 6% risk of failure)
Confirm with . or Enter, or press ? or * to list all spells.
Your hands turn into razor-sharp scythe blades.
The minotaur hits you with a +4 whip!!
The minotaur gores you but does no damage.
You shred the minotaur!!! Your kick misses the minotaur. You peck the minotaur.
The minotaur is heavily wounded.
The minotaur misses you. The minotaur gores you!
You slice the minotaur!!
The minotaur is severely wounded.
The minotaur hits you with a +4 whip. The minotaur gores you!
* * * LOW HITPOINT WARNING * * *
You slash the minotaur!
You claw the minotaur, but do no damage.
The minotaur is almost dead.
The minotaur hits you with a +4 whip!!
You die...

##########.#########.##########
8# ≈...............≈# #8# ##
8.8.8.8.8.8.8.8.8# ###
≈...............≈#
########.######### #####.#
#.....# #.####### #.#..H@(#
#.#.###.# #.# #.# #.# #.# #.#
#.# #.# #.# #.#####.# #.......#
#########


You could see a minotaur.

Vanquished Creatures
  A hydra (Lair:1)
  A necromancer (D:10)
  9 elephants
  3 cane toads
  A gargoyle (D:10)
  Maggie (D:7)
  4 komodo dragons
  A queen bee (Gauntlet)
  A troll (D:10)
  A wind drake (Lair:3)
  Prince Ribbit (D:7)
  10 blink frogs (Lair:2)
  Sigmund (D:4)
  A wyvern (D:8)
  Eustachio (D:4)
  4 shadows
  5 yaks (D:9)
  2 water moccasins (Lair:1)
  9 ice beasts
  A black bear (D:10)
  2 sky beasts
  2 orc warriors
  A phantom (D:5)
  4 ogres
  4 centaurs
  A big kobold (D:10)
  A gnoll sergeant (D:7)
  7 bullfrogs
  2 scorpions
  4 wights (D:10)
  9 killer bees
  3 howler monkeys
  A bullfrog zombie (D:8)
  10 orc wizards
  2 bullfrog skeletons
  2 jellies
  A centaur skeleton (D:5)
  8 orc priests
  4 hounds
  An iguana (D:7)
  5 worker ants
  Natasha (thrice) (D:4)
  4 yak simulacra (D:10)
  2 polar bear simulacra (D:10)
  A wolf simulacrum (D:10)
  A killer bee zombie (D:8)
  A hound zombie (D:8)
  Robin (D:4)
  A howler monkey skeleton (D:10)
  9 gnolls
  9 adders
  7 river rats
  3 shadow imps (D:7)
  2 white imps
  An ooze (Sewer)
  2 adder skeletons
  A dart slug (D:4)
  4 worms
  6 leopard geckos
  54 orcs
  9 ball pythons
  10 bats
  5 giant cockroaches
  8 hobgoblins
  5 jackals
  24 kobolds
  8 quokkas
  6 frilled lizards
  19 goblins
  A leopard gecko skeleton (D:4)
  23 rats
  4 river rat simulacra (D:10)
366 creatures vanquished.

Vanquished Creatures (others)
  10 fungi
  18 plants
  25 withered plants (Gauntlet)
53 creatures vanquished.

Grand Total: 419 creatures vanquished

Notes
Turn   | Place    | Note
-------+----------+-------------------------------------------
     0 | D:1      | kae the Tengu Transmuter began the quest for the Orb.
     0 | D:1      | Reached XP level 1. HP: 12/12 MP: 4/4
   219 | D:1      | Reached XP level 2. HP: 16/16 MP: 4/6
   482 | D:1      | Found a sparkling altar of Nemelex Xobeh.
  1000 | D:2      | Found a sparkling altar of Nemelex Xobeh.
  1009 | D:2      | Reached XP level 3. HP: 20/20 MP: 5/7
  1840 | D:2      | Reached skill level 4 in Unarmed Combat
  2091 | D:3      | Reached XP level 4. HP: 16/25 MP: 6/8
  2298 | D:3      | Learned a level 3 spell: Spider Form
  2630 | D:3      | Found a glowing golden altar of the Shining One.
  2633 | D:3      | Found a basalt altar of Yredelemnul.
  2635 | D:3      | Found a bloodstained altar of Trog.
  3433 | D:4      | Noticed Sigmund
  3446 | D:4      | Killed Sigmund
  3446 | D:4      | Reached skill level 1 in Poison Magic
  3446 | D:4      | Gained mutation: You can fly continuously. [Tengu growth]
  3446 | D:4      | Reached XP level 5. HP: 11/30 MP: 6/10
  3446 | D:4      | Reached XP level 6. HP: 13/35 MP: 6/11
  3906 | D:4      | Found a staircase to the Ecumenical Temple.
  3925 | Temple   | Entered the Ecumenical Temple
  3985 | Temple   | Became a worshipper of the Wu Jian Council
  4248 | D:4      | Found a blossoming altar of Fedhas.
  4258 | D:4      | Found an ancient bone altar of Kikubaaqudgha.
  4269 | D:4      | Noticed Eustachio
  4296 | D:4      | Killed Eustachio
  4296 | D:4      | Reached skill level 5 in Unarmed Combat
  4296 | D:4      | Reached XP level 7. HP: 38/40 MP: 5/12
  4599 | D:4      | Noticed Robin
  4618 | D:4      | Killed Robin
  5000 | D:4      | Noticed Natasha
  5009 | D:4      | Killed Natasha
  5261 | D:4      | Found a hide-covered altar of Uskayaw.
  5405 | D:4      | Noticed Natasha
  5412 | D:4      | Killed Natasha
  5457 | D:4      | Found an ancient bone altar of Kikubaaqudgha.
  5607 | D:4      | Found a hide-covered altar of Uskayaw.
  5781 | D:4      | Found a staircase to the Ecumenical Temple.
  6102 | D:4      | Noticed Natasha
  6110 | D:4      | Killed Natasha
  6330 | D:5      | Entered Level 5 of the Dungeon
  6516 | D:5      | Reached * piety under Wu Jian
  6526 | D:5      | Reached skill level 1 in Armour
  6526 | D:5      | Reached XP level 8. HP: 27/46 MP: 12/14
  6602 | D:5      | Found a glowing drain.
  6623 | Sewer    | Entered a sewer
  6777 | Sewer    | Reached skill level 6 in Unarmed Combat
  6986 | Sewer    | Reached ** piety under Wu Jian
  7388 | Sewer    | Learned a level 5 spell: Blade Hands
  7393 | Sewer    | Learned a level 4 spell: Ice Form
  7795 | D:5      | HP: 1/46 [orc priest/divine providence (12)]
  7800 | D:5      | HP: 1/46 [orc priest/divine providence (14)]
  7803 | D:5      | Reached skill level 1 in Ice Magic
  8333 | D:6      | Found an opulent altar of Gozag.
  8669 | D:6      | Reached *** piety under Wu Jian
  9036 | D:7      | Noticed Maggie
  9122 | D:6      | Reached XP level 9. HP: 32/52 MP: 12/15
  9320 | D:7      | Killed Maggie
  9320 | D:7      | Reached skill level 7 in Unarmed Combat
  9320 | D:7      | Reached skill level 5 in Transmutations
  9907 | D:7      | Noticed Prince Ribbit
  9915 | D:7      | Killed Prince Ribbit
  9915 | D:7      | Reached skill level 5 in Dodging
 10880 | D:7      | Reached **** piety under Wu Jian
 11119 | D:7      | Reached XP level 10. HP: 34/58 MP: 15/17
 11455 | D:8      | Reached skill level 8 in Unarmed Combat
 11469 | D:8      | Identified the cursed +1 short sword of Zifalul {elec,
                  | +Blink +Rage rF- Str+2}
 11479 | D:8      | Identified the +2 hand crossbow of Dim Light {freeze,
                  | Int+4}
 11594 | D:8      | Found Gige's Antique Armour Boutique.
 12570 | D:9      | Found Wiluttycs's Gadget Shoppe.
 12720 | D:9      | Found a burning altar of Makhleb.
 12720 | D:9      | Noticed an Executioner
 12974 | D:9      | Reached skill level 5 in Fighting
 13268 | D:9      | Reached skill level 5 in Spellcasting
 13293 | D:9      | Found a staircase to the Lair.
 13655 | D:10     | Entered Level 10 of the Dungeon
 13987 | D:9      | Reached skill level 9 in Unarmed Combat
 14600 | D:10     | Reached skill level 5 in Armour
 14603 | D:10     | Reached XP level 11. HP: 64/64 MP: 15/20
 14675 | D:10     | Reached ***** piety under Wu Jian
 15189 | D:10     | Noticed a necromancer
 15206 | D:10     | Killed a necromancer
 15780 | Lair:1   | Entered Level 1 of the Lair of Beasts
 16145 | Lair:1   | Noticed a six-headed hydra
 16155 | Lair:1   | Killed a six-headed hydra
 16520 | Lair:1   | You are sucked into a shaft and drop 1 floor!
 16559 | Lair:2   | Reached skill level 10 in Unarmed Combat
 18176 | Lair:2   | Reached XP level 12. HP: 71/71 MP: 19/22
 18290 | Lair:2   | Reached skill level 11 in Unarmed Combat
 18756 | Lair:2   | Noticed Nergalle
 19346 | Lair:3   | Found a gate leading to a gauntlet.
 19352 | Lair:3   | Found a staircase to the Swamp.
 19355 | Gauntlet | Entered a Gauntlet
 19355 | Gauntlet | Found a transporter.
 19355 | Gauntlet | Found a transporter.
 19534 | Gauntlet | Found a transporter.
 19534 | Gauntlet | Found a transporter.
 19537 | Gauntlet | Noticed a hell hog
 19544 | Gauntlet | Found a transporter.
 19548 | Gauntlet | Found a large runed translucent door.
 19557 | Gauntlet | Found a transporter.
 19566 | Gauntlet | Noticed a dire elephant
 19567 | Gauntlet | Found a transporter.
 19567 | Gauntlet | Found a transporter.
 19572 | Gauntlet | Found a transporter.
 19599 | Gauntlet | Found a transporter.
 19624 | Gauntlet | Found a transporter.
 19657 | Gauntlet | Found a transporter.
 19659 | Gauntlet | Noticed a death yak
 19659 | Gauntlet | Noticed a death yak
 19659 | Gauntlet | Noticed a death yak
 19660 | Gauntlet | Noticed a death yak
 19660 | Gauntlet | Noticed a death yak
 19673 | Gauntlet | Found a transporter.
 19685 | Gauntlet | Found a transporter.
 19773 | Gauntlet | Found a transporter.
 19775 | Gauntlet | Found a large runed translucent door.
 19775 | Gauntlet | Found a large runed translucent door.
 19776 | Gauntlet | Found a large runed translucent door.
 19776 | Gauntlet | Found a large runed translucent door.
 19777 | Gauntlet | Found a runed translucent door.
 19777 | Gauntlet | Found a large runed translucent door.
 19777 | Gauntlet | Found a runed translucent door.
 19777 | Gauntlet | Found a large runed translucent door.
 19777 | Gauntlet | Found a large runed translucent door.
 19778 | Gauntlet | Found a large runed translucent door.
 19778 | Gauntlet | Found a large runed translucent door.
 19781 | Gauntlet | Found a large runed translucent door.
 19781 | Gauntlet | Found a large runed translucent door.
 19783 | Gauntlet | Found a large runed translucent door.
 19783 | Gauntlet | Found a large runed translucent door.
 19783 | Gauntlet | Found a large runed translucent door.
 19785 | Gauntlet | Found a runed translucent gate.
 19785 | Gauntlet | Found a runed translucent gate.
 19785 | Gauntlet | Found a runed translucent gate.
 19787 | Gauntlet | Found a transporter.
 19798 | Gauntlet | Found a large runed translucent door.
 19935 | Gauntlet | Got a bound tin ring
 20091 | Gauntlet | Identified the ring "Jixauss" {*Tele rElec rPois} (You
                  | found it in a Gauntlet)
 20115 | Gauntlet | HP: 3/72 [shadow (2)]
 20491 | Gauntlet | Got a wavering ivory ring
 20551 | Gauntlet | Got an ancient bone ring
 20585 | Gauntlet | Noticed a minotaur
 20591 | Gauntlet | Slain by a minotaur

Illustrated notes

Levels and vault maps discovered:
D:1:      mushboom_english_gardens, layout_basic, serial_glass, glass_columns_a,
          glass_columns_b, roderic_serpentine_path,
          chequers_serial_rivers_micro_e, minivault_27,
          nemelex_diamond_rough_becter
D:2:      layout_basic, old_standard_altar
D:3:      layout_loops_corners, grunt_temple_overflow_open
D:4:      layout_loops_corners, grunt_temple_overflow_growth_and_decay,
          lemuel_coloured_pillars_altar, minmay_temple_entry_mist, minmay_bent,
          uniq_sigmund, uniq_natasha, uniq_robin, uniq_eustachio
D:5:      layout_rooms, cheibrodos_sewer_entry_sluice, minmay_crystal_water
D:6:      layout_loops_ring, nicolae_gozag_cash_rules_everything_around_me
D:7:      layout_loops_corners, serial_co_window_serial, co_window_corner_a,
          co_window_corner_a, co_window_of_opportunity_a, co_window_corner_a,
          co_window_of_opportunity_a, co_window_of_opportunity_c,
          co_window_corner_b, co_window_unsneaky_path_e, co_window_broadway_b,
          co_window_of_opportunity_b, co_window_of_opportunity_c,
          co_window_4corner_b, glass_columns_c, glass_columns_b,
          glass_columns_b, glass_columns_a, uniq_maggie, uniq_prince_ribbit1
D:8:      layout_loops_ring, serial_shops, shop, feat_on_display
D:9:      layout_cave_pools, makhleb_altar_promises_db, david_lair_shrubbed,
          serial_shops, shop, grunt_decor_mini_mirrors
D:10:     layout_long_grid, eino_house_with_fridge
Temple:   cyrus_circular_temple
Lair:1:   layout_layer_cave
Lair:2:   layout_gridlike, uniq_nergalle
Lair:3:   layout_regular_city, swamp_mist_pool, minmay_shoals_entry_beasts,
          gauntlet_entry_generic
Gauntlet: gammafunk_gauntlet_branching [nicolae_gauntlet_arena_blocks,
          gammafunk_gauntlet_arena_corners, gammafunk_gauntlet_arena_teeth,
          gammafunk_gauntlet_arena_hedges, nicolae_gauntlet_arena_t_cross,
          minmay_gauntlet_arena_make_your_own_arena,
          nicolae_gauntlet_arena_grate_2, nicolae_gauntlet_arena_flowing_pool,
          gauntlet_exit_spiral]

Skill      XL: |  1  2  3  4  5  6  7  8  9 10 11 12 |
---------------+-------------------------------------+-----
Transmutations | 2 3 4 5 6 8 |  8.8
Unarmed Combat | 4 5 6 7 9 10 11 | 11.4
Fighting       | 2 3 4 5 6 7 |  7.1
Dodging        | 3 4 5 6 7 8 |  8.1
Poison Magic   | 1 2 3 |  3.0
Spellcasting   | 3 4 5 6 |  6.0
Armour         | 1 2 3 5 |  5.0
Ice Magic      | 1 3 4 |  4.0

Action                   |  1- 3 |  4- 6 |  7- 9 | 10-12 || total
-------------------------+-------+-------+-------+-------++-------
Melee: Unarmed           |   109 |    95 |   487 |   459 ||  1150
       Kick              |    23 |    14 |    30 |    49 ||   116
       Peck              |    12 |     3 |    25 |    22 ||    62
       Headbutt          |     8 |     6 |     6 |       ||    20
       Punch             |     2 |     1 |     6 |     7 ||    16
 Cast: Beastly Appendage |    24 |    16 |    12 |     1 ||    53
       Spider Form       |       |     5 |    49 |     7 ||    61
       Ice Form          |       |       |     1 |    35 ||    36
       Blade Hands       |       |       |       |     6 ||     6
Invok: Lunge             |       |       |    29 |    30 ||    59
       Whirlwind         |       |       |     2 |    12 ||    14
       Serpent's Lash    |       |       |       |     2 ||     2
 Abil: Fly               |       |     1 |       |       ||     1
       Wall Jump         |       |       |       |     3 ||     3
  Use: Scroll            |       |     7 |    12 |     2 ||    21
       Potion            |       |       |     5 |     2 ||     7
 Stab: Sleeping          |       |     1 |     1 |     3 ||     5
Armor: Robe              |    32 |     6 |     4 |       ||    42
       Leather armour    |       |       |    23 |    16 ||    39
       Skin              |       |       |    18 |    34 ||    52
Dodge: Dodged            |    91 |    63 |   496 |   307 ||   957

Table legend: (Time is in decaauts)
 A = Elapsed time spent in this place.
 B = Non-inter-level travel time spent in this place.
 C = Inter-level travel time spent in this place.
 D = Time resting spent in this place.
 E = Time spent auto-exploring this place.
 F = Levels seen in this place.
 G = Mean time per level.
                   A        B        C        D        E       F      G
               +--------+--------+--------+--------+--------+-----+--------+
         Total |  19621 |  18883 |    738 |   2971 |  13136 |  16 | 1226.3 |
       Dungeon |  14449 |  13845 |    604 |   1746 |  10182 |  10 | 1444.9 |
        Temple |     66 |     46 |     20 |      0 |     45 |   1 |   66.0 |
          Lair |   3170 |   3057 |    113 |    543 |   2161 |   3 | 1056.7 |
         Sewer |    758 |    758 |      0 |    127 |    401 |   1 |  758.0 |
      Gauntlet |   1176 |   1176 |      0 |    554 |    346 |   1 | 1176.0 |
               +--------+--------+--------+--------+--------+-----+--------+

Top non-repeatable levels by time:
     D:4: 2630 daAuts
     D:7: 2035 daAuts
  Lair:1: 1677 daAuts
     D:9: 1531 daAuts
     D:8: 1507 daAuts
     D:2: 1422 daAuts
  Lair:2: 1379 daAuts
    D:10: 1327 daAuts
     D:3: 1191 daAuts
Gauntlet: 1176 daAuts
     D:5: 1015 daAuts
     D:6: 955 daAuts
     D:1: 832 daAuts
   Sewer: 758 daAuts
  Lair:3: 113 daAuts
